 Zot Defence DCSS version 0.14-a0-3367-g7c2a7eb (webtiles) character file.

222 Froboctopus the Exhumer (level 5, -2/39 HPs)
             Began as a Demonspawn Death Knight on Mar 19, 2014.
             Was a Follower of Yredelemnul.
             Slain by a jackal (3 damage)
             ... in the Realm of Zot (Scenario I: Hall of Zot).
             The game lasted 00:04:15 (643 turns).

Froboctopus the Exhumer (Demonspawn Death Knight)    Turns: 643, Time: 00:04:15

HP  -2/39        AC  4     Str 14      XL: 5   Next: 66%
MP   5/9         EV 11     Int 13      God: Yredelemnul [*.....]
Gold 0           SH  0     Dex 12      Spells:  0 memorised,  4 levels left

rFire  . . .     SeeInvis .     a - +1 falchion
rCold  . . .     Clarity  .     b - +0 leather armour
rNeg   . . .     Conserve .     (no shield)
rPois  .         rCorr    .     (no helmet)
rElec  .         rRot     .     (no cloak)
SustAb . .       Spirit   .     (no gloves)
rMut   .         Warding  .     (no boots)
Saprov . . .     Stasis   .     (no amulet)
MR     .....                    (no ring)
                                (no ring)

@: very slightly contaminated, not resistant to hostile enchantments, very
unstealthy
A: hooves 1, molten scales 1, powered by death 1
a: Make dart trap, Make oklob sapling, Make arrow trap, Make plant, Remove
Curse, Make burning bush, Animate Remains, Renounce Religion


You were in the Realm of Zot.
You worshipped Yredelemnul.
Yredelemnul was aware of your devotion.
You were not hungry.

You visited 1 branch

Inventory:

Hand weapons
 a - a +1,+1 falchion (weapon)
Armour
 b - a +0 leather armour (worn)
Comestibles
 d - a bread ration
Potions
 c - 2 potions of curing
 e - a potion of heal wounds
 f - a potion of haste
 g - 2 potions of magic
 h - a potion of berserk rage


   Skills:
 + Level 2.7 Fighting
 * Level 3.1 Long Blades
 * Level 2.5 Armour
 * Level 2.6 Dodging
 + Level 4.4 Invocations


You had 4 spell levels left.
You didn't know any spells.

Dungeon Overview and Level Annotations

Branches:
    Zot (1/1)

Altars:


Innate Abilities, Weirdness & Mutations

You have large cloven feet.
You are partially covered in molten scales (AC +1).
You can steal the life force of nearby defeated enemies.


Message History

The blast of flame hits your plant. Hevyeteus barely misses you.
You completely miss Hevyeteus.
Hevyeteus is moderately wounded.
The jackal bites you.
* * * LOW HITPOINT WARNING * * *
The jackal barely misses your giant cockroach zombie.
The jackal barely misses you.
Are you sure you want to leave the Orb unguarded? [Y]es or [N]o only, please.
Are you sure you want to leave the Orb unguarded?
Okay, then.
You closely miss Hevyeteus. You kick Hevyeteus, but do no damage.
Hevyeteus is moderately wounded.
Hevyeteus bites you!
* * * LOW HITPOINT WARNING * * *
Your giant cockroach zombie misses Hevyeteus.
The jackal bites your giant cockroach zombie but does no damage.
The jackal bites you.
You die...
Your body rises from the dead as a mindless zombie.

▓▓▓▓▓▓▓▓ ▓▓▓▓▓▓▓▓ ....▓▓▓▓
▓▓▓▓.... .......▓▓▓ ▓▓▓.......
.........▓▓ ▓▓.........
..........▓ ▓▓▓▓▓▓▓▓▓ ▓..........
..........▓▓▓....PPP▓▓▓..........
..........▓▓.....PPPP▓▓..........
..........▓....zhPPPPP▓..........
.........P....hP@PPPP%P..........
.....P..%.▓....h.PPPPP▓%.........
..........▓▓.....PPPP▓▓..........
.........h▓▓▓....PPP▓▓▓..........
.........h# ▓▓▓▓▓▓▓▓▓ #..........
.........## ##.........
.......### ###....... ....####
####.... ######### #########


You could see Hevyeteus the hell hound, 2 jackals, a friendly oklob sapling and
a friendly giant cockroach zombie.

Vanquished Creatures
  A hound (Zot)
  4 giant cockroaches (Zot)
  4 jackals (Zot)
9 creatures vanquished.

Vanquished Creatures (collateral kills)
  A yellow wasp (Zot)
  A hound (Zot)
  3 jackals (Zot)
  A plant (Zot)
6 creatures vanquished.

Vanquished Creatures (others)
  2 giant cockroach zombies (Zot)
  A jackal zombie (Zot)
  A butterfly (Zot)
  3 plants (Zot)
7 creatures vanquished.

Grand Total: 22 creatures vanquished

Notes
Turn   | Place    | Note
--------------------------------------------------------------
     0 | Zot      | Froboctopus, the Demonspawn Death Knight, began the quest for the Orb.
     0 | Zot      | Reached XP level 1. HP: 16/16 MP: 2/2
   400 | Zot      | Noticed Shy Teibb
   413 | Zot      | Killed Shy Teibb the hound
   413 | Zot      | Reached skill level 1 in Armour
   413 | Zot      | Reached skill level 1 in Dodging
   413 | Zot      | Reached skill level 4 in Invocations
   413 | Zot      | Gained mutation: You are partially covered in molten scales (AC +1). [demonic ancestry]
   413 | Zot      | Reached XP level 2. HP: 21/23 MP: 4/4
   413 | Zot      | Reached XP level 3. HP: 25/28 MP: 5/5
   413 | Zot      | Gained mutation: You have large cloven feet. [demonic ancestry]
   413 | Zot      | Reached XP level 4. HP: 30/34 MP: 7/7
   525 | Zot      | Noticed a yellow wasp
   583 | Zot      | Killed a yellow wasp
   583 | Zot      | Gained mutation: You can steal the life force of nearby defeated enemies. [demonic ancestry]
   583 | Zot      | Reached XP level 5. HP: 36/39 MP: 9/9
   624 | Zot      | Noticed Hevyeteus
   643 | Zot      | HP: 1/39 [Hevyeteus the hell hound (12)]
   643 | Zot      | Slain by a jackal

Action                   |  1- 3 |  4- 6 || total
-------------------------+-------+-------++-------
Melee: Falchion          |     7 |    40 ||    47
Invok: Animate Remains   |       |     5 ||     5
 Abil: Make plant        |       |    34 ||    34
       Make oklob saplin |       |     2 ||     2
  Use: Scroll            |       |     1 ||     1
       Potion            |       |     1 ||     1
